Wolves vs Marlies
Created - June 29, 2022 at 07:12
Goals
|
| Wolves |
1 |
2 |
2 |
5 |
| Marlies |
4 |
2 |
0 |
6 |
|
Shots
|
| Wolves |
9 |
13 |
16 |
38 |
| Marlies |
17 |
10 |
11 |
38 |
|
1st period
1. Marlies , Nick Ritchie 67 (Nicholas Baptiste 56, Logan Brown 9) at 3:40
2. Marlies , Aleksi Saarela 25 (Johan Larsson 17, Mathieu Olivier 11) at 4:29
3. Marlies , Linden Vey 25 (Tyler Bertuzzi 50, Nicholas Baptiste 57) at 15:56
4. Marlies , Nicholas Baptiste 39 (Nick Ritchie 61, Haydn Fleury 32) at 16:06
5. Wolves , Thomas Spelling 31 (Sebastian Aho 51, Jeff Petry 18) at 18:48
Penalties :
No Penalty
2nd period
6. Marlies , Haydn Fleury 4 (Aleksi Saarela 21, Johan Larsson 18) at 0:33
7. Marlies , Johan Larsson 11 (Aleksi Saarela 22, Mathieu Olivier 12) at 1:34
8. Wolves , Alexandre Grenier 55 (Kyle Rau 82) at 8:34
9. Wolves , Alexandre Grenier 56 (Kyle Rau 83) at 8:54 (PP)
Penalties :
Tyler Bertuzzi (Tor) for Interference (Minor) at 8:51, Tyler Benson (Tor) for Roughing (Minor) at 13:09, Kieffer Bellows (Chi) for Roughing (Minor) at 17:34
3rd period
10. Wolves , Alexandre Grenier 57 (Joe Morrow 63, Thomas Spelling 34) at 2:51 (PP)
11. Wolves , Victor Olofsson 33 (Antti Suomela 16, Jeff Petry 19) at 3:48
Penalties :
Nicholas Baptiste (Tor) for High sticking (Minor) at 1:53, Logan Brown (Tor) for Holding (Minor) at 13:57, Nicholas Baptiste (Tor) for Boarding (Minor) at 16:50
Goalie Stats
Ebbe Siönäs (Chi), 21 saves from 23 shots - (0.913), L, 13-9-2, 43:54 minutes
Laurent Brossoit (Chi), 11 saves from 15 shots - (0.733), 16:06 minutes
Malcolm Subban (Tor), 33 saves from 38 shots - (0.868), W, 28-18-7, 60:00 minutes
Players Stats for Wolves
Player Name G A P +/- PIM S H SB GA TA FO MP PP MP PK MP
------------------------------------------------------------------------------------
Alexandre Grenier 3 0 3 0 0 10 4 0 1 4 3/5 22:48 3:17 0:00
Anton Lindholm 0 0 0 0 0 2 0 1 1 0 0/0 16:41 2:03 0:34
Antti Suomela 0 1 1 -1 0 0 3 0 1 0 4/6 10:41 0:00 0:09
Dylan Coghlan 0 0 0 0 0 0 0 0 0 0 0/0 0:00 0:00 0:00
Eric Robinson 0 0 0 0 0 0 2 0 0 0 0/1 17:04 3:14 0:41
Fredrik Olofsson 0 0 0 -1 0 0 0 0 0 1 0/0 11:08 0:27 0:09
Jake Evans 0 0 0 -2 0 1 2 0 0 0 1/4 7:29 0:00 0:00
Jakub Zboril 0 0 0 -1 0 0 0 1 0 1 0/0 11:40 0:00 0:00
Jalen Chatfield 0 0 0 -1 0 1 1 0 0 0 0/0 11:40 0:00 0:00
Jeff Petry 0 2 2 0 0 0 0 0 0 1 0/0 16:41 2:03 0:34
Jeffrey Foss 0 0 0 -1 0 5 2 1 0 0 0/0 25:42 4:55 1:25
Joe Morrow 0 1 1 -1 0 2 3 5 1 0 0/0 25:42 4:55 1:25
Kale Clague 0 0 0 -1 0 0 1 0 0 0 0/0 5:57 0:00 0:00
Kevin Stenlund 0 0 0 0 0 0 0 0 0 0 0/0 0:00 0:00 0:00
Kieffer Bellows 0 0 0 -2 2 0 0 0 0 0 0/0 7:50 0:00 0:00
Kyle Rau 0 2 2 0 0 3 1 1 0 0 20/39 24:19 3:17 1:09
Lawson Crouse 0 0 0 0 0 4 3 0 0 1 0/1 23:05 3:11 1:06
Liam O'Brien 0 0 0 0 0 0 0 0 0 0 0/0 0:00 0:00 0:00
Matthew Highmore 0 0 0 0 0 0 0 0 0 0 0/0 0:00 0:00 0:00
Samuel Girard 0 0 0 -1 0 1 0 0 0 0 0/0 5:57 0:00 0:00
Sebastian Aho 0 1 1 0 0 4 0 0 0 0 5/14 16:34 3:14 0:11
Thomas Spelling 1 1 2 0 0 3 3 0 0 0 1/2 16:56 3:14 0:33
Victor Olofsson 1 0 1 -1 0 1 1 0 0 0 1/1 12:10 0:33 0:00
Wade Allison 0 0 0 -2 0 1 1 0 1 0 0/0 7:29 0:00 0:00
Zachary Senyshyn 0 0 0 0 0 0 0 0 0 0 0/0 0:27 0:27 0:00
Players Stats for Marlies
Player Name G A P +/- PIM S H SB GA TA FO MP PP MP PK MP
------------------------------------------------------------------------------------
Aleksi Saarela 1 2 3 2 0 2 1 3 0 0 6/9 13:19 0:00 2:15
Brett Pesce 0 0 0 -1 0 0 2 1 0 0 0/0 21:07 1:23 2:42
Colton Sissons 0 0 0 0 0 6 0 0 0 1 13/21 18:39 0:54 4:10
Haydn Fleury 1 1 2 2 0 2 1 5 0 0 0/0 27:56 0:36 4:16
Jeff Corbett 0 0 0 2 0 1 0 1 1 0 0/0 12:27 0:36 0:54
Johan Larsson 1 2 3 2 0 6 0 0 1 0 0/1 12:06 0:00 1:14
Linden Vey 1 0 1 0 0 4 2 0 2 0 0/1 15:33 0:54 0:00
Logan Brown 0 1 1 0 2 0 1 0 0 0 1/1 6:46 0:00 0:00
Lucas Carlsson 0 0 0 2 0 1 0 0 0 1 0/0 10:57 0:00 0:00
Mathieu Olivier 0 2 2 2 0 1 3 0 0 0 1/1 10:46 0:00 0:00
Neal Pionk 0 0 0 2 0 0 0 1 1 1 0/0 23:30 1:23 2:42
Nicholas Baptiste 1 2 3 1 4 6 2 0 1 0 0/2 21:33 1:05 0:36
Nick Ritchie 1 1 2 1 0 3 2 2 2 1 1/3 24:30 1:05 3:37
Pavel Zacha 0 0 0 1 0 4 1 2 0 0 16/33 19:52 1:05 0:03
Tim Erixon 0 0 0 -1 0 0 1 2 0 1 0/0 24:03 0:00 3:22
Tobias Lindberg 0 0 0 0 0 2 2 0 0 0 0/0 6:36 0:00 0:00
Tyler Benson 0 0 0 0 2 0 1 0 0 0 0/0 6:36 0:00 0:00
Tyler Bertuzzi 0 1 1 0 2 0 2 2 0 0 0/1 16:41 0:54 2:01
3 Stars
1 - Alexandre Grenier (Chi)
2 - Aleksi Saarela (Tor)
3 - Johan Larsson (Tor)
Power Play
Wolves - 2 on 5 Attempt(s) - 40.00%
Marlies - 0 on 1 Attempt(s) - 0.00%
Penalty Kill
Wolves - 1 on 1 Attempt(s) - 100.00%
- Score 0 goal in Penalty Kill
Marlies - 3 on 5 Attempt(s) - 60.00%
- Score 0 goal in Penalty Kill
Team Stat
Wolves - Hits : 27 - Faceoff Wins : 35 - Blocked Shots : 9 - Penalty Minutes : 2
Marlies - Hits : 21 - Faceoff Wins : 38 - Blocked Shots : 19 - Penalty Minutes : 10
Official
Referees : Francis Charron and Brian Pochmara
Linesman : Scott Cherrey and Pierre Racicot
Game Notes
Ebbe Siönäs enters game at 16:06 of 1st period
Alexandre Grenier has scored a Hat Trick!
16:39 of 3rd period - Wolves goal is going for a video replay. After video review, No Goal. The puck has been directed, batted or thrown into the net by an attacking player other than with a stick.
Finance
Level 1 -- Attendance: 1969 (98.45%) -- Ticket Income $68,915
Level 2 -- Attendance: 941 (94.10%) -- Ticket Income $14,115
Total Attendance: 2910 (97.00%)
Total Ticket Income: $83,030
Other Income: $4,152
Total Income: $87,182
Wolves
5 vs 5 Forward
Center Left Wing Right Wing Time % Phy DF OF
1 Kyle Rau Lawson Crouse Alexandre Grenier 40 1 2 2
2 Sebastian Aho Eric Robinson Thomas Spelling 30 1 2 2
3 Antti Suomela Fredrik Olofsson Victor Olofsson 20 1 2 2
4 Jake Evans Kieffer Bellows Wade Allison 10 1 2 2
5 vs 5 Defense
Defense Defense Time % Phy DF OF
1 Jeffrey Foss Joe Morrow 40 1 2 2
2 Anton Lindholm Jeff Petry 30 1 2 2
3 Jakub Zboril Jalen Chatfield 20 1 2 2
4 Samuel Girard Kale Clague 10 1 2 2
PowerPlay Forward
Center Left Wing Right Wing Time % Phy DF OF
1 Kyle Rau Lawson Crouse Alexandre Grenier 60 1 2 2
2 Sebastian Aho Eric Robinson Thomas Spelling 40 1 2 2
PowerPlay Defense
Defense Defense Time % Phy DF OF
1 Jeffrey Foss Joe Morrow 60 1 2 2
2 Anton Lindholm Jeff Petry 40 1 2 2
Penalty Kill 4 Players Forward
Center Wing Time % Phy DF OF
1 Kyle Rau Lawson Crouse 60 1 2 2
2 Sebastian Aho Eric Robinson 40 1 2 2
Penalty Kill 4 Players Defense
Defense Defense Time % Phy DF OF
1 Jeffrey Foss Joe Morrow 60 1 2 2
2 Anton Lindholm Jeff Petry 40 1 2 2
Penalty Kill - 3 Players Forward
Forward Time % Phy DF OF
1 Kyle Rau 60 1 2 2
2 Sebastian Aho 40 1 2 2
Penalty Kill - 3 Players Defense
Defense Defense Time % Phy DF OF
1 Jeffrey Foss Joe Morrow 60 1 2 2
2 Anton Lindholm Jeff Petry 40 1 2 2
4 vs 4 Forward
Center Wing Time % Phy DF OF
1 Kyle Rau Lawson Crouse 60 1 2 2
2 Sebastian Aho Eric Robinson 40 1 2 2
4 vs 4 Defense
Defense Defense Time % Phy DF OF
1 Jeffrey Foss Joe Morrow 60 1 2 2
2 Anton Lindholm Jeff Petry 40 1 2 2
Last Minutes Offensive
Center Left Wing Right Wing Defense Defense
Kyle Rau Lawson Crouse Alexandre Grenier Jeffrey Foss Joe Morrow
Last Minutes Defensive
Center Left Wing Right Wing Defense Defense
Kyle Rau Lawson Crouse Alexandre Grenier Jeffrey Foss Joe Morrow
Goaltenders
Starting : Laurent Brossoit
Backup : Ebbe Siönäs
Extra Forwards
Normal : Thomas Spelling, Victor Olofsson, Antti Suomela - PP : Thomas Spelling, Victor Olofsson - PK : Thomas Spelling
Extra Defensemen
Normal : Samuel Girard, Kale Clague, Dylan Coghlan - PP : Samuel Girard - PK : Samuel Girard, Kale Clague
Penalty Shots
Alexandre Grenier, Kyle Rau, Sebastian Aho, Lawson Crouse, Thomas Spelling
Scratches
Joona Koppanen (Healthy), Sergei Kostenko (Healthy)
Marlies
5 vs 5 Forward
Center Left Wing Right Wing Time % Phy DF OF
1 Pavel Zacha Nick Ritchie Nicholas Baptiste 40 1 2 2
2 Colton Sissons Tyler Bertuzzi Linden Vey 30 1 2 2
3 Aleksi Saarela Johan Larsson Mathieu Olivier 20 1 2 2
4 Logan Brown Tyler Benson Tobias Lindberg 10 1 2 2
5 vs 5 Defense
Defense Defense Time % Phy DF OF
1 Haydn Fleury Neal Pionk 40 1 2 2
2 Tim Erixon Brett Pesce 30 1 2 2
3 Jeff Corbett Lucas Carlsson 20 1 2 2
4 Haydn Fleury Tim Erixon 10 1 2 2
PowerPlay Forward
Center Left Wing Right Wing Time % Phy DF OF
1 Pavel Zacha Nick Ritchie Nicholas Baptiste 60 1 2 2
2 Colton Sissons Tyler Bertuzzi Linden Vey 40 1 2 2
PowerPlay Defense
Defense Defense Time % Phy DF OF
1 Neal Pionk Brett Pesce 60 1 2 2
2 Haydn Fleury Jeff Corbett 40 1 2 2
Penalty Kill 4 Players Forward
Center Wing Time % Phy DF OF
1 Colton Sissons Nick Ritchie 60 1 2 2
2 Aleksi Saarela Tyler Bertuzzi 40 1 2 2
Penalty Kill 4 Players Defense
Defense Defense Time % Phy DF OF
1 Haydn Fleury Tim Erixon 60 1 2 2
2 Neal Pionk Brett Pesce 40 1 2 2
Penalty Kill - 3 Players Forward
Forward Time % Phy DF OF
1 Colton Sissons 60 1 2 2
2 Aleksi Saarela 40 1 2 2
Penalty Kill - 3 Players Defense
Defense Defense Time % Phy DF OF
1 Haydn Fleury Tim Erixon 60 1 2 2
2 Neal Pionk Brett Pesce 40 1 2 2
4 vs 4 Forward
Center Wing Time % Phy DF OF
1 Colton Sissons Nick Ritchie 60 1 2 2
2 Aleksi Saarela Tyler Bertuzzi 40 1 2 2
4 vs 4 Defense
Defense Defense Time % Phy DF OF
1 Haydn Fleury Neal Pionk 60 1 2 2
2 Tim Erixon Brett Pesce 40 1 2 2
Last Minutes Offensive
Center Left Wing Right Wing Defense Defense
Colton Sissons Nick Ritchie Linden Vey Haydn Fleury Tim Erixon
Last Minutes Defensive
Center Left Wing Right Wing Defense Defense
Colton Sissons Nick Ritchie Linden Vey Haydn Fleury Tim Erixon
Goaltenders
Starting : Malcolm Subban
Backup : Charlie Lindgren
Extra Forwards
Normal : Nicholas Baptiste, Johan Larsson, Aleksi Saarela - PP : Nicholas Baptiste, Johan Larsson - PK : Nicholas Baptiste
Extra Defensemen
Normal : Brett Pesce, Jeff Corbett, Lucas Carlsson - PP : Brett Pesce - PK : Brett Pesce, Jeff Corbett
Penalty Shots
Colton Sissons, Linden Vey, Pavel Zacha, Aleksi Saarela, Tyler Bertuzzi
Scratches
Brycen Martin (Healthy), Dennis Gilbert (Healthy), Henri Ikonen (Healthy), Jaden Lindo (Healthy), Jakob Forsbacka-Karlsson (Healthy)
Radovan Bondra (Healthy), Simon Bourque (Healthy), Zack MacEwen (Healthy), Otto Koivula (Healthy), Jamie Phillips (Healthy)
% Time on Ice - Wolves
Lines # - Real PCT - Wanted PCT - Time Play
Normal Forward
1 - 38% - 40% - 18:48
2 - 26% - 30% - 13:09
3 - 21% - 20% - 10:32
4 - 15% - 10% - 7:29
Normal Defense
1 - 37% - 40% - 18:17
2 - 28% - 30% - 14:04
3 - 23% - 20% - 11:40
4 - 12% - 10% - 5:57
PP Forward
1 - 54% - 60% - 3:44
2 - 46% - 40% - 3:14
PP Defense
1 - 71% - 60% - 4:55
2 - 29% - 40% - 2:03
PK Forward
1 - 91% - 60% - 1:48
2 - 9% - 40% - 0:11
PK Defense
1 - 71% - 60% - 1:25
2 - 29% - 40% - 0:34
PK3 Forward
1 - 0% - 60%
2 - 0% - 40%
PK3 Defense
1 - 0% - 60%
2 - 0% - 40%
44 Forward
1 - 0% - 60%
2 - 0% - 40%
44 Defense
1 - 0% - 60%
2 - 0% - 40%
Last Minute Offensive - 1:05
Last Minute Defensive - 0:00
Total
Forward - 60:00
Defense - 60:00
|
% Time on Ice - Marlies
Lines # - Real PCT - Wanted PCT - Time Play
Normal Forward
1 - 38% - 40% - 18:50
2 - 28% - 30% - 13:47
3 - 22% - 20% - 10:46
4 - 13% - 10% - 6:36
Normal Defense
1 - 37% - 40% - 18:35
2 - 32% - 30% - 16:10
3 - 22% - 20% - 10:57
4 - 9% - 10% - 4:17
PP Forward
1 - 55% - 60% - 1:05
2 - 45% - 40% - 0:54
PP Defense
1 - 70% - 60% - 1:23
2 - 30% - 40% - 0:36
PK Forward
1 - 74% - 60% - 5:09
2 - 26% - 40% - 1:49
PK Defense
1 - 61% - 60% - 4:16
2 - 39% - 40% - 2:42
PK3 Forward
1 - 0% - 60%
2 - 0% - 40%
PK3 Defense
1 - 0% - 60%
2 - 0% - 40%
44 Forward
1 - 0% - 60%
2 - 0% - 40%
44 Defense
1 - 0% - 60%
2 - 0% - 40%
Last Minute Offensive - 0:00
Last Minute Defensive - 1:04
Total
Forward - 60:00
Defense - 60:00
|
Play-by-Play
1st period
0:01 of 1st period - Pavel Zacha wins face-off versus Kyle Rau in neutral zone.
0:11 of 1st period - Off-side.
0:12 of 1st period - Colton Sissons wins face-off versus Sebastian Aho in neutral zone.
0:25 of 1st period - Wrist shot by Thomas Spelling.
0:25 of 1st period - Stopped by Malcolm Subban without a rebound.
0:26 of 1st period - Aleksi Saarela wins face-off versus Antti Suomela in Marlies zone.
0:33 of 1st period - Jakub Zboril is hit by Mathieu Olivier and loses puck.
0:42 of 1st period - Snap shot by Johan Larsson.
0:42 of 1st period - Deflect By Aleksi Saarela.
0:42 of 1st period - Shot Misses the Net.
0:42 of 1st period - Puck is out of play.
0:43 of 1st period - Pavel Zacha wins face-off versus Alexandre Grenier in Wolves zone.
0:50 of 1st period - Snap shot by Nick Ritchie.
0:50 of 1st period - Shot Misses the Net.
0:52 of 1st period - Slapshot by Haydn Fleury.
0:52 of 1st period - Deflect By Lawson Crouse.
0:52 of 1st period - Stopped by Laurent Brossoit without a rebound.
0:53 of 1st period - Kyle Rau wins face-off versus Pavel Zacha in Wolves zone.
1:04 of 1st period - Wrist shot by Alexandre Grenier.
1:04 of 1st period - Shot Blocked by Haydn Fleury.
1:12 of 1st period - Slapshot by Pavel Zacha.
1:12 of 1st period - Stopped by Laurent Brossoit without a rebound.
1:13 of 1st period - Colton Sissons wins face-off versus Thomas Spelling in Wolves zone.
1:39 of 1st period - Sebastian Aho is hit by Mathieu Olivier and loses puck.
3:20 of 1st period - Snap shot by Logan Brown.
3:20 of 1st period - Shot Blocked by Kyle Rau.
3:40 of 1st period - Wrist shot by Nick Ritchie.
3:40 of 1st period - Goal by Nick Ritchie - Wolves : 0 - Marlies : 1.
3:41 of 1st period - Kyle Rau wins face-off versus Pavel Zacha in neutral zone.
4:08 of 1st period - Samuel Girard is hit by Brett Pesce and loses puck.
4:27 of 1st period - Wrist shot by Johan Larsson.
4:27 of 1st period - Shot Misses the Net.
4:29 of 1st period - Slapshot by Aleksi Saarela.
4:29 of 1st period - Goal by Aleksi Saarela - Wolves : 0 - Marlies : 2.
4:30 of 1st period - Pavel Zacha wins face-off versus Kyle Rau in neutral zone.
4:37 of 1st period - Tim Erixon is hit by Jeffrey Foss and loses puck.
5:20 of 1st period - Wrist shot by Aleksi Saarela.
5:20 of 1st period - Deflect By Johan Larsson.
5:20 of 1st period - Shot Misses the Net.
5:20 of 1st period - Puck is out of play.
5:21 of 1st period - Antti Suomela wins face-off versus Johan Larsson in Wolves zone.
5:26 of 1st period - Slapshot by Victor Olofsson.
5:26 of 1st period - Shot Misses the Net.
5:54 of 1st period - Snap shot by Linden Vey.
5:54 of 1st period - Shot Misses the Net.
6:40 of 1st period - Snap shot by Victor Olofsson.
6:40 of 1st period - Shot Blocked by Brett Pesce.
6:54 of 1st period - Snap shot by Pavel Zacha.
6:54 of 1st period - Shot Misses the Net.
6:56 of 1st period - Snap shot by Nick Ritchie.
6:56 of 1st period - Deflect By Jakub Zboril.
6:56 of 1st period - Stopped by Laurent Brossoit without a rebound.
6:57 of 1st period - Alexandre Grenier wins face-off versus Colton Sissons in Wolves zone.
7:23 of 1st period - Haydn Fleury is hit by Eric Robinson and loses puck.
7:32 of 1st period - Snap shot by Thomas Spelling.
7:32 of 1st period - Shot Blocked by Haydn Fleury.
7:59 of 1st period - Icing by Logan Brown.
8:00 of 1st period - Kyle Rau wins face-off versus Colton Sissons in Marlies zone.
8:03 of 1st period - Snap shot by Kyle Rau.
8:03 of 1st period - Shot Misses the Net.
8:05 of 1st period - Wrist shot by Kyle Rau.
8:05 of 1st period - Shot Blocked by Neal Pionk.
8:22 of 1st period - Icing by Neal Pionk.
8:23 of 1st period - Pavel Zacha wins face-off versus Sebastian Aho in Marlies zone.
8:48 of 1st period - Linden Vey is hit by Alexandre Grenier and loses puck.
9:01 of 1st period - Wrist shot by Alexandre Grenier.
9:01 of 1st period - Stopped by Malcolm Subban with a rebound.
9:19 of 1st period - Johan Larsson is hit by Jake Evans and loses puck.
9:38 of 1st period - Snap shot by Tyler Benson.
9:38 of 1st period - Shot Misses the Net.
9:40 of 1st period - Wrist shot by Tobias Lindberg.
9:40 of 1st period - Stopped by Laurent Brossoit without a rebound.
9:41 of 1st period - Pavel Zacha wins face-off versus Kyle Rau in Wolves zone.
10:25 of 1st period - Wrist shot by Aleksi Saarela.
10:25 of 1st period - Shot Blocked by Joe Morrow.
10:27 of 1st period - Snap shot by Aleksi Saarela.
10:27 of 1st period - Stopped by Laurent Brossoit with a rebound.
10:57 of 1st period - Brett Pesce is hit by Antti Suomela.
11:44 of 1st period - Slapshot by Anton Lindholm.
11:44 of 1st period - Shot Hit the Post.
11:46 of 1st period - Slapshot by Anton Lindholm.
11:46 of 1st period - Stopped by Malcolm Subban with a rebound.
11:48 of 1st period - Slapshot by Anton Lindholm.
11:48 of 1st period - Deflect By Victor Olofsson.
11:48 of 1st period - Shot Misses the Net.
11:48 of 1st period - Puck is out of play.
11:49 of 1st period - Pavel Zacha wins face-off versus Kyle Rau in Marlies zone.
12:04 of 1st period - Wrist shot by Nicholas Baptiste.
12:04 of 1st period - Shot Blocked by Joe Morrow.
12:40 of 1st period - Neal Pionk is hit by Wade Allison and loses puck.
14:03 of 1st period - Wrist shot by Sebastian Aho.
14:03 of 1st period - Stopped by Malcolm Subban with a rebound.
14:05 of 1st period - Wrist shot by Sebastian Aho.
14:05 of 1st period - Stopped by Malcolm Subban with a rebound.
14:23 of 1st period - Snap shot by Nicholas Baptiste.
14:23 of 1st period - Stopped by Laurent Brossoit without a rebound.
14:24 of 1st period - Antti Suomela wins face-off versus Pavel Zacha in Wolves zone.
14:33 of 1st period - Wrist shot by Nicholas Baptiste.
14:33 of 1st period - Shot Blocked by Jeffrey Foss.
14:35 of 1st period - Slapshot by Jeff Corbett.
14:35 of 1st period - Stopped by Laurent Brossoit with a rebound.
14:39 of 1st period - Snap shot by Nick Ritchie.
14:39 of 1st period - Stopped by Laurent Brossoit with a rebound.
14:49 of 1st period - Colton Sissons is hit by Joe Morrow and loses puck.
14:56 of 1st period - Snap shot by Thomas Spelling.
14:56 of 1st period - Stopped by Malcolm Subban without a rebound.
14:57 of 1st period - Alexandre Grenier wins face-off versus Pavel Zacha in Marlies zone.
15:24 of 1st period - Wrist shot by Johan Larsson.
15:24 of 1st period - Stopped by Laurent Brossoit with a rebound.
15:26 of 1st period - Slapshot by Lucas Carlsson.
15:26 of 1st period - Stopped by Laurent Brossoit without a rebound.
15:27 of 1st period - Aleksi Saarela wins face-off versus Sebastian Aho in Wolves zone.
15:38 of 1st period - Slapshot by Johan Larsson.
15:38 of 1st period - Shot Hit the Post.
15:40 of 1st period - Wrist shot by Johan Larsson.
15:40 of 1st period - Stopped by Laurent Brossoit with a rebound.
15:42 of 1st period - Snap shot by Johan Larsson.
15:42 of 1st period - Shot Hit the Post.
15:56 of 1st period - Snap shot by Linden Vey.
15:56 of 1st period - Goal by Linden Vey - Wolves : 0 - Marlies : 3.
15:57 of 1st period - Kyle Rau wins face-off versus Pavel Zacha in neutral zone.
16:06 of 1st period - Snap shot by Nick Ritchie.
16:06 of 1st period - Deflect By Nicholas Baptiste.
16:06 of 1st period - Goal by Nicholas Baptiste - Wolves : 0 - Marlies : 4.
16:06 of 1st period - Ebbe Siönäs enters game.
16:07 of 1st period - Kyle Rau wins face-off versus Pavel Zacha in neutral zone.
16:53 of 1st period - Snap shot by Johan Larsson.
16:53 of 1st period - Stopped by Ebbe Siönäs without a rebound.
16:54 of 1st period - Aleksi Saarela wins face-off versus Jake Evans in Wolves zone.
16:57 of 1st period - Snap shot by Johan Larsson.
16:57 of 1st period - Shot Blocked by Joe Morrow.
17:09 of 1st period - Slapshot by Jeffrey Foss.
17:09 of 1st period - Shot Misses the Net.
17:21 of 1st period - Lucas Carlsson is hit by Alexandre Grenier and loses puck.
17:28 of 1st period - Slapshot by Kyle Rau.
17:28 of 1st period - Shot Blocked by Pavel Zacha.
17:45 of 1st period - Eric Robinson is hit by Linden Vey and loses puck.
18:05 of 1st period - Tim Erixon is hit by Antti Suomela and loses puck.
18:13 of 1st period - Snap shot by Victor Olofsson.
18:13 of 1st period - Deflect By Antti Suomela.
18:13 of 1st period - Shot Misses the Net.
18:13 of 1st period - Puck is out of play.
18:14 of 1st period - Pavel Zacha wins face-off versus Kyle Rau in Marlies zone.
18:46 of 1st period - Snap shot by Sebastian Aho.
18:46 of 1st period - Stopped by Malcolm Subban with a rebound.
18:48 of 1st period - Snap shot by Thomas Spelling.
18:48 of 1st period - Goal by Thomas Spelling - Wolves : 1 - Marlies : 4.
18:49 of 1st period - Kyle Rau wins face-off versus Pavel Zacha in neutral zone.
18:53 of 1st period - Off-side.
18:54 of 1st period - Kyle Rau wins face-off versus Pavel Zacha in neutral zone.
18:57 of 1st period - Wrist shot by Alexandre Grenier.
18:57 of 1st period - Shot Blocked by Nick Ritchie.
18:59 of 1st period - Wrist shot by Kyle Rau.
18:59 of 1st period - Shot Blocked by Pavel Zacha.
19:01 of 1st period - Slapshot by Joe Morrow.
19:01 of 1st period - Stopped by Malcolm Subban without a rebound.
19:02 of 1st period - Pavel Zacha wins face-off versus Kyle Rau in Marlies zone.
19:15 of 1st period - Wrist shot by Pavel Zacha.
19:15 of 1st period - Stopped by Ebbe Siönäs without a rebound.
19:16 of 1st period - Colton Sissons wins face-off versus Kyle Rau in Wolves zone.
19:19 of 1st period - Snap shot by Colton Sissons.
19:19 of 1st period - Shot Misses the Net.
19:50 of 1st period - Pavel Zacha is hit by Thomas Spelling and loses puck.
Goals for this period are 1 for Wolves vs 4 for Marlies.
Shots for this period are 9 for Wolves vs 17 for Marlies.
2nd period
0:01 of 2nd period - Kyle Rau wins face-off versus Nick Ritchie in neutral zone.
0:04 of 2nd period - Nicholas Baptiste is hit by Alexandre Grenier and loses puck.
0:15 of 2nd period - Wrist shot by Nicholas Baptiste.
0:15 of 2nd period - Stopped by Ebbe Siönäs without a rebound.
0:16 of 2nd period - Sebastian Aho wins face-off versus Aleksi Saarela in Wolves zone.
0:23 of 2nd period - Icing by Johan Larsson.
0:24 of 2nd period - Mathieu Olivier wins face-off versus Sebastian Aho in Marlies zone.
0:29 of 2nd period - Wrist shot by Aleksi Saarela.
0:29 of 2nd period - Deflect By Johan Larsson.
0:29 of 2nd period - Stopped by Ebbe Siönäs with a rebound.
0:31 of 2nd period - Snap shot by Aleksi Saarela.
0:31 of 2nd period - Shot Misses the Net.
0:33 of 2nd period - Slapshot by Haydn Fleury.
0:33 of 2nd period - Goal by Haydn Fleury - Wolves : 1 - Marlies : 5.
0:34 of 2nd period - Pavel Zacha wins face-off versus Kyle Rau in neutral zone.
1:10 of 2nd period - Slapshot by Sebastian Aho.
1:10 of 2nd period - Stopped by Malcolm Subban with a rebound.
1:22 of 2nd period - Slapshot by Wade Allison.
1:22 of 2nd period - Deflect By Jake Evans.
1:22 of 2nd period - Shot Misses the Net.
1:22 of 2nd period - Puck is out of play.
1:23 of 2nd period - Aleksi Saarela wins face-off versus Jake Evans in Marlies zone.
1:34 of 2nd period - Snap shot by Johan Larsson.
1:34 of 2nd period - Goal by Johan Larsson - Wolves : 1 - Marlies : 6.
1:35 of 2nd period - Pavel Zacha wins face-off versus Kyle Rau in neutral zone.
1:48 of 2nd period - Snap shot by Lawson Crouse.
1:48 of 2nd period - Deflect By Alexandre Grenier.
1:48 of 2nd period - Stopped by Malcolm Subban with a rebound.
2:07 of 2nd period - Icing by Sebastian Aho.
2:08 of 2nd period - Thomas Spelling wins face-off versus Pavel Zacha in Wolves zone.
2:33 of 2nd period - Off-side.
2:34 of 2nd period - Kyle Rau wins face-off versus Colton Sissons in neutral zone.
2:37 of 2nd period - Wrist shot by Alexandre Grenier.
2:37 of 2nd period - Shot Misses the Net.
2:39 of 2nd period - Wrist shot by Kyle Rau.
2:39 of 2nd period - Shot Blocked by Tyler Bertuzzi.
2:41 of 2nd period - Slapshot by Anton Lindholm.
2:41 of 2nd period - Stopped by Malcolm Subban with a rebound.
2:43 of 2nd period - Snap shot by Alexandre Grenier.
2:43 of 2nd period - Stopped by Malcolm Subban with a rebound.
4:02 of 2nd period - Colton Sissons is hit by Lawson Crouse and loses puck.
5:13 of 2nd period - Snap shot by Alexandre Grenier.
5:13 of 2nd period - Shot Misses the Net.
5:35 of 2nd period - Jake Evans is hit by Tyler Bertuzzi and loses puck.
5:40 of 2nd period - Snap shot by Colton Sissons.
5:40 of 2nd period - Stopped by Ebbe Siönäs without a rebound.
5:41 of 2nd period - Pavel Zacha wins face-off versus Kyle Rau in Wolves zone.
5:44 of 2nd period - Snap shot by Nick Ritchie.
5:44 of 2nd period - Shot Misses the Net.
5:46 of 2nd period - Wrist shot by Pavel Zacha.
5:46 of 2nd period - Shot Blocked by Joe Morrow.
5:48 of 2nd period - Wrist shot by Pavel Zacha.
5:48 of 2nd period - Stopped by Ebbe Siönäs without a rebound.
5:49 of 2nd period - Pavel Zacha wins face-off versus Lawson Crouse in Wolves zone.
6:00 of 2nd period - Snap shot by Nicholas Baptiste.
6:00 of 2nd period - Stopped by Ebbe Siönäs without a rebound.
6:01 of 2nd period - Kyle Rau wins face-off versus Pavel Zacha in Wolves zone.
6:26 of 2nd period - Haydn Fleury is hit by Joe Morrow and loses puck.
7:05 of 2nd period - Jake Evans is hit by Logan Brown and loses puck.
7:44 of 2nd period - Sebastian Aho is hit by Nicholas Baptiste and loses puck.
8:19 of 2nd period - Aleksi Saarela is hit by Kale Clague and loses puck.
8:26 of 2nd period - Backhand shot by Wade Allison.
8:26 of 2nd period - Stopped by Malcolm Subban without a rebound.
8:27 of 2nd period - Kyle Rau wins face-off versus Pavel Zacha in Marlies zone.
8:34 of 2nd period - Wrist shot by Alexandre Grenier.
8:34 of 2nd period - Goal by Alexandre Grenier - Wolves : 2 - Marlies : 6.
8:35 of 2nd period - Kyle Rau wins face-off versus Pavel Zacha in neutral zone.
8:48 of 2nd period - Slapshot by Joe Morrow.
8:48 of 2nd period - Stopped by Malcolm Subban without a rebound.
8:49 of 2nd period - Colton Sissons wins face-off versus Sebastian Aho in Marlies zone.
8:51 of 2nd period - Minor Penalty to Tyler Bertuzzi for Interference.
8:52 of 2nd period - Kyle Rau wins face-off versus Colton Sissons in Marlies zone.
8:54 of 2nd period - Snap shot by Alexandre Grenier.
8:54 of 2nd period - Goal by Alexandre Grenier - Wolves : 3 - Marlies : 6.
8:55 of 2nd period - Pavel Zacha wins face-off versus Kyle Rau in neutral zone.
9:46 of 2nd period - Wrist shot by Victor Olofsson.
9:46 of 2nd period - Deflect By Antti Suomela.
9:46 of 2nd period - Shot Blocked by Aleksi Saarela.
9:46 of 2nd period - Puck is out of play.
9:47 of 2nd period - Aleksi Saarela wins face-off versus Antti Suomela in Marlies zone.
9:52 of 2nd period - Slapshot by Mathieu Olivier.
9:52 of 2nd period - Stopped by Ebbe Siönäs with a rebound.
10:48 of 2nd period - Lucas Carlsson is hit by Eric Robinson and loses puck.
11:39 of 2nd period - Wrist shot by Kyle Rau.
11:39 of 2nd period - Shot Misses the Net.
11:41 of 2nd period - Backhand shot by Lawson Crouse.
11:41 of 2nd period - Stopped by Malcolm Subban with a rebound.
11:45 of 2nd period - Snap shot by Lawson Crouse.
11:45 of 2nd period - Shot Misses the Net.
11:47 of 2nd period - Snap shot by Jalen Chatfield.
11:47 of 2nd period - Stopped by Malcolm Subban with a rebound.
11:49 of 2nd period - Backhand shot by Alexandre Grenier.
11:49 of 2nd period - Shot Misses the Net.
12:17 of 2nd period - Tyler Bertuzzi is hit by Jeffrey Foss and loses puck.
12:26 of 2nd period - Slapshot by Samuel Girard.
12:26 of 2nd period - Stopped by Malcolm Subban with a rebound.
12:38 of 2nd period - Slapshot by Aleksi Saarela.
12:38 of 2nd period - Deflect By Johan Larsson.
12:38 of 2nd period - Stopped by Ebbe Siönäs with a rebound.
13:09 of 2nd period - Minor Penalty to Tyler Benson for Roughing.
13:10 of 2nd period - Colton Sissons wins face-off versus Kyle Rau in Marlies zone.
13:10 of 2nd period - Colton Sissons is hit by Alexandre Grenier.
13:24 of 2nd period - Slapshot by Jeffrey Foss.
13:24 of 2nd period - Stopped by Malcolm Subban with a rebound.
13:26 of 2nd period - Wrist shot by Lawson Crouse.
13:26 of 2nd period - Shot Blocked by Jeff Corbett.
13:43 of 2nd period - Slapshot by Jeffrey Foss.
13:43 of 2nd period - Deflect By Nick Ritchie.
13:43 of 2nd period - Stopped by Malcolm Subban with a rebound.
13:45 of 2nd period - Wrist shot by Joe Morrow.
13:45 of 2nd period - Shot Blocked by Haydn Fleury.
13:59 of 2nd period - Kyle Rau is hit by Aleksi Saarela and loses puck.
15:09 of 2nd period - Penalty to Tyler Benson is over, Tyler Benson is back on ice.
15:39 of 2nd period - Jakub Zboril is hit by Mathieu Olivier and loses puck.
16:21 of 2nd period - Tim Erixon is hit by Thomas Spelling.
17:19 of 2nd period - Icing by Mathieu Olivier.
17:20 of 2nd period - Jake Evans wins face-off versus Colton Sissons in Marlies zone.
17:34 of 2nd period - Minor Penalty to Kieffer Bellows for Roughing.
17:35 of 2nd period - Pavel Zacha wins face-off versus Kyle Rau in Wolves zone.
17:51 of 2nd period - Snap shot by Pavel Zacha.
17:51 of 2nd period - Stopped by Ebbe Siönäs without a rebound.
17:52 of 2nd period - Colton Sissons wins face-off versus Kyle Rau in Wolves zone.
18:11 of 2nd period - Kyle Rau is hit by Linden Vey and loses puck.
18:50 of 2nd period - Slapshot by Jeff Petry.
18:50 of 2nd period - Shot Misses the Net.
19:34 of 2nd period - Penalty to Kieffer Bellows is over, Kieffer Bellows is back on ice.
19:40 of 2nd period - Neal Pionk is hit by Lawson Crouse and loses puck.
19:49 of 2nd period - Wrist shot by Lawson Crouse.
19:49 of 2nd period - Shot Blocked by Aleksi Saarela.
Goals for this period are 2 for Wolves vs 2 for Marlies.
Shots for this period are 13 for Wolves vs 10 for Marlies.
3rd period
0:01 of 3rd period - Kyle Rau wins face-off versus Pavel Zacha in neutral zone.
0:04 of 3rd period - Snap shot by Jeffrey Foss.
0:04 of 3rd period - Stopped by Malcolm Subban with a rebound.
0:10 of 3rd period - Alexandre Grenier is hit by Nicholas Baptiste and loses puck.
0:58 of 3rd period - Icing by Tim Erixon.
0:59 of 3rd period - Alexandre Grenier wins face-off versus Aleksi Saarela in Marlies zone.
1:19 of 3rd period - Brett Pesce is hit by Joe Morrow and loses puck.
1:31 of 3rd period - Off-side.
1:32 of 3rd period - Sebastian Aho wins face-off versus Nicholas Baptiste in neutral zone.
1:53 of 3rd period - Minor Penalty to Nicholas Baptiste for High sticking.
1:54 of 3rd period - Colton Sissons wins face-off versus Kyle Rau in Marlies zone.
1:59 of 3rd period - Wrist shot by Alexandre Grenier.
1:59 of 3rd period - Stopped by Malcolm Subban with a rebound.
2:01 of 3rd period - Slapshot by Jeffrey Foss.
2:01 of 3rd period - Stopped by Malcolm Subban without a rebound.
2:02 of 3rd period - Colton Sissons wins face-off versus Kyle Rau in Marlies zone.
2:29 of 3rd period - Icing by Eric Robinson.
2:30 of 3rd period - Nick Ritchie wins face-off versus Eric Robinson in Wolves zone.
2:31 of 3rd period - Snap shot by Colton Sissons.
2:31 of 3rd period - Stopped by Ebbe Siönäs with a rebound.
2:49 of 3rd period - Slapshot by Joe Morrow.
2:49 of 3rd period - Shot Misses the Net.
2:51 of 3rd period - Snap shot by Alexandre Grenier.
2:51 of 3rd period - Goal by Alexandre Grenier - Wolves : 4 - Marlies : 6.
2:52 of 3rd period - Kyle Rau wins face-off versus Pavel Zacha in neutral zone.
3:48 of 3rd period - Snap shot by Victor Olofsson.
3:48 of 3rd period - Goal by Victor Olofsson - Wolves : 5 - Marlies : 6.
3:49 of 3rd period - Kyle Rau wins face-off versus Pavel Zacha in neutral zone.
4:06 of 3rd period - Off-side.
4:07 of 3rd period - Colton Sissons wins face-off versus Sebastian Aho in neutral zone.
4:39 of 3rd period - Snap shot by Alexandre Grenier.
4:39 of 3rd period - Stopped by Malcolm Subban without a rebound.
4:40 of 3rd period - Kyle Rau wins face-off versus Nick Ritchie in Marlies zone.
4:49 of 3rd period - Wrist shot by Kyle Rau.
4:49 of 3rd period - Stopped by Malcolm Subban with a rebound.
4:51 of 3rd period - Wrist shot by Alexandre Grenier.
4:51 of 3rd period - Stopped by Malcolm Subban with a rebound.
4:53 of 3rd period - Wrist shot by Lawson Crouse.
4:53 of 3rd period - Stopped by Malcolm Subban without a rebound.
4:54 of 3rd period - Colton Sissons wins face-off versus Sebastian Aho in Marlies zone.
5:21 of 3rd period - Joe Morrow is hit by Haydn Fleury and loses puck.
6:10 of 3rd period - Jake Evans is hit by Tobias Lindberg and loses puck.
6:19 of 3rd period - Wade Allison is hit by Tyler Benson and loses puck.
6:32 of 3rd period - Snap shot by Tobias Lindberg.
6:32 of 3rd period - Stopped by Ebbe Siönäs without a rebound.
6:33 of 3rd period - Pavel Zacha wins face-off versus Kyle Rau in Wolves zone.
7:47 of 3rd period - Slapshot by Lawson Crouse.
7:47 of 3rd period - Shot Misses the Net.
7:49 of 3rd period - Backhand shot by Kyle Rau.
7:49 of 3rd period - Stopped by Malcolm Subban without a rebound.
7:50 of 3rd period - Sebastian Aho wins face-off versus Colton Sissons in Marlies zone.
8:15 of 3rd period - Lawson Crouse is hit by Nick Ritchie and loses puck.
8:44 of 3rd period - Aleksi Saarela is hit by Antti Suomela and loses puck.
8:58 of 3rd period - Haydn Fleury is hit by Jake Evans and loses puck.
9:01 of 3rd period - Slapshot by Neal Pionk.
9:01 of 3rd period - Shot Blocked by Anton Lindholm.
9:29 of 3rd period - Wrist shot by Colton Sissons.
9:29 of 3rd period - Stopped by Ebbe Siönäs without a rebound.
9:30 of 3rd period - Pavel Zacha wins face-off versus Alexandre Grenier in Wolves zone.
9:31 of 3rd period - Snap shot by Nick Ritchie.
9:31 of 3rd period - Shot Blocked by Jakub Zboril.
9:33 of 3rd period - Slapshot by Tim Erixon.
9:33 of 3rd period - Deflect By Nicholas Baptiste.
9:33 of 3rd period - Stopped by Ebbe Siönäs with a rebound.
9:39 of 3rd period - Slapshot by Nick Ritchie.
9:39 of 3rd period - Deflect By Kyle Rau.
9:39 of 3rd period - Shot Misses the Net.
9:39 of 3rd period - Puck is out of play.
9:40 of 3rd period - Kyle Rau wins face-off versus Pavel Zacha in Wolves zone.
9:40 of 3rd period - Kyle Rau is hit by Tim Erixon.
10:06 of 3rd period - Brett Pesce is hit by Lawson Crouse and loses puck.
11:01 of 3rd period - Kyle Rau is hit by Pavel Zacha and loses puck.
12:02 of 3rd period - Wrist shot by Lawson Crouse.
12:02 of 3rd period - Shot Misses the Net.
12:12 of 3rd period - Snap shot by Alexandre Grenier.
12:12 of 3rd period - Stopped by Malcolm Subban with a rebound.
12:18 of 3rd period - Brett Pesce is hit by Jalen Chatfield and loses puck.
12:29 of 3rd period - Jalen Chatfield is hit by Nick Ritchie and loses puck.
12:36 of 3rd period - Slapshot by Nicholas Baptiste.
12:36 of 3rd period - Stopped by Ebbe Siönäs without a rebound.
12:37 of 3rd period - Colton Sissons wins face-off versus Sebastian Aho in Wolves zone.
12:44 of 3rd period - Snap shot by Colton Sissons.
12:44 of 3rd period - Stopped by Ebbe Siönäs with a rebound.
12:46 of 3rd period - Backhand shot by Colton Sissons.
12:46 of 3rd period - Stopped by Ebbe Siönäs with a rebound.
12:48 of 3rd period - Snap shot by Colton Sissons.
12:48 of 3rd period - Stopped by Ebbe Siönäs without a rebound.
12:49 of 3rd period - Sebastian Aho wins face-off versus Colton Sissons in Wolves zone.
13:02 of 3rd period - Wrist shot by Linden Vey.
13:02 of 3rd period - Stopped by Ebbe Siönäs with a rebound.
13:04 of 3rd period - Wrist shot by Linden Vey.
13:04 of 3rd period - Stopped by Ebbe Siönäs with a rebound.
13:14 of 3rd period - Haydn Fleury is hit by Victor Olofsson and loses puck.
13:34 of 3rd period - Slapshot by Joe Morrow.
13:34 of 3rd period - Deflect By Jake Evans.
13:34 of 3rd period - Shot Misses the Net.
13:34 of 3rd period - Puck is out of play.
13:35 of 3rd period - Logan Brown wins face-off versus Jake Evans in Marlies zone.
13:40 of 3rd period - Jake Evans is hit by Tobias Lindberg and loses puck.
13:51 of 3rd period - Wrist shot by Jake Evans.
13:51 of 3rd period - Stopped by Malcolm Subban with a rebound.
13:57 of 3rd period - Minor Penalty to Logan Brown for Holding.
13:58 of 3rd period - Aleksi Saarela wins face-off versus Sebastian Aho in Marlies zone.
13:58 of 3rd period - Aleksi Saarela is hit by Thomas Spelling.
14:08 of 3rd period - Slapshot by Jeffrey Foss.
14:08 of 3rd period - Stopped by Malcolm Subban without a rebound.
14:09 of 3rd period - Sebastian Aho wins face-off versus Aleksi Saarela in Marlies zone.
14:14 of 3rd period - Wrist shot by Thomas Spelling.
14:14 of 3rd period - Shot Misses the Net.
14:20 of 3rd period - Backhand shot by Joe Morrow.
14:20 of 3rd period - Shot Blocked by Haydn Fleury.
14:22 of 3rd period - Wrist shot by Joe Morrow.
14:22 of 3rd period - Shot Blocked by Tyler Bertuzzi.
14:24 of 3rd period - Wrist shot by Eric Robinson.
14:24 of 3rd period - Shot Blocked by Aleksi Saarela.
15:17 of 3rd period - Icing by Victor Olofsson.
15:18 of 3rd period - Victor Olofsson wins face-off versus Tyler Bertuzzi in Wolves zone.
15:25 of 3rd period - Snap shot by Victor Olofsson.
15:25 of 3rd period - Deflect By Fredrik Olofsson.
15:25 of 3rd period - Shot Misses the Net.
15:25 of 3rd period - Puck is out of play.
15:26 of 3rd period - Kyle Rau wins face-off versus Colton Sissons in Marlies zone.
15:35 of 3rd period - Snap shot by Alexandre Grenier.
15:35 of 3rd period - Shot Blocked by Nick Ritchie.
15:57 of 3rd period - Penalty to Logan Brown is over, Logan Brown is back on ice.
16:11 of 3rd period - Fredrik Olofsson is hit by Brett Pesce and loses puck.
16:15 of 3rd period - Icing by Anton Lindholm.
16:16 of 3rd period - Antti Suomela wins face-off versus Linden Vey in Wolves zone.
16:37 of 3rd period - Wrist shot by Lawson Crouse.
16:37 of 3rd period - Stopped by Malcolm Subban with a rebound.
16:39 of 3rd period - Slapshot by Kyle Rau.
16:39 of 3rd period - Wolves goal is going for a video replay.
16:39 of 3rd period - The goal is refused. The puck has been directed, batted or thrown into the net by an attacking player other than with a stick..
16:40 of 3rd period - Antti Suomela wins face-off versus Pavel Zacha in Marlies zone.
16:50 of 3rd period - Minor Penalty to Nicholas Baptiste for Boarding.
16:51 of 3rd period - Colton Sissons wins face-off versus Kyle Rau in Marlies zone.
16:51 of 3rd period - Colton Sissons is hit by Kyle Rau.
17:00 of 3rd period - Slapshot by Joe Morrow.
17:00 of 3rd period - Shot Blocked by Tim Erixon.
17:02 of 3rd period - Snap shot by Lawson Crouse.
17:02 of 3rd period - Shot Blocked by Haydn Fleury.
17:04 of 3rd period - Backhand shot by Jeffrey Foss.
17:04 of 3rd period - Shot Blocked by Tim Erixon.
17:06 of 3rd period - Wrist shot by Lawson Crouse.
17:06 of 3rd period - Stopped by Malcolm Subban without a rebound.
17:07 of 3rd period - Colton Sissons wins face-off versus Kyle Rau in Marlies zone.
18:24 of 3rd period - Joe Morrow is hit by Tyler Bertuzzi and loses puck.
18:50 of 3rd period - Penalty to Nicholas Baptiste is over, Nicholas Baptiste is back on ice.
19:17 of 3rd period - Snap shot by Linden Vey.
19:17 of 3rd period - Stopped by Ebbe Siönäs with a rebound.
19:19 of 3rd period - Snap shot by Brett Pesce.
19:19 of 3rd period - Shot Misses the Net.
19:21 of 3rd period - Slapshot by Neal Pionk.
19:21 of 3rd period - Deflect By Nick Ritchie.
19:21 of 3rd period - Shot Blocked by Joe Morrow.
19:21 of 3rd period - Puck is out of play.
19:22 of 3rd period - Ron Wilson call a timeout for Wolves.
19:22 of 3rd period - Kyle Rau wins face-off versus Nicholas Baptiste in Wolves zone.
Goals for this period are 2 for Wolves vs 0 for Marlies.
Shots for this period are 16 for Wolves vs 11 for Marlies.